 Dungeon Sprint DCSS version 0.23.0-42-geed6394 (webtiles) character file.

Game seed: 0

973 Fang the Fighter (level 8, -11/85 HPs)
             Began as a Gargoyle Berserker on Feb 28, 2019.
             Was a High Priest of Trog.
             Killed from afar by an efreet (18 damage)
             ... with a fireball
             ... in the Dungeon (Sprint VII: "The Pits").
             The game lasted 00:02:31 (1350 turns).

Fang the Fighter (Gargoyle Berserker)               Turns: 1350, Time: 00:02:32

Health: -11/85     AC: 23    Str: 28    XL:     8   Next: 16%
Magic:  8/8        EV: 14    Int: 11    God:    Trog [*****.]
Gold:   0          SH:  0    Dex:  9    Spells: 7/7 levels left

rFire    . . .     SeeInvis .   t - +2 war axe (chop)
rCold    . . .     Gourm    .   (no shield)
rNeg     + . .     Faith    .   u - +3 plate armour
rPois    ∞         Spirit   .   (no helmet)
rElec    +         Reflect  .   (no cloak)
rCorr    .         Harm     .   (no gloves)
MR       .....     NoTele   +   (no boots)
Stlth    ..........             (no amulet)
HPRegen  0.24/turn              q - +3 ring of intelligence
MPRegen  0.11/turn              s - +3 ring of evasion

@: berserking, very quick
A: negative energy resistance 1, electricity resistance, unbreathing,
petrification resistance, rot immunity, AC +5
a: Berserk, Trog's Hand, Brothers in Arms, Renounce Religion


You were in the Dungeon.
You worshipped Trog.
Trog was extremely pleased with you.
You were hungry.

You visited 1 branch

Inventory:

Hand Weapons
 m - a +2 hand axe of freezing
 o - a +3 antimagic battleaxe
 t - a +2 war axe of chopping (weapon)
Armour
 u - a +3 plate armour (worn)
Jewellery
 q - a +3 ring of intelligence (left hand)
 s - a +3 ring of evasion (right hand)
Scrolls
 i - a scroll of blinking
 k - 3 scrolls of remove curse
 l - a scroll of summoning
Potions
 a - 2 potions of invisibility
 d - 8 potions of curing
 e - 12 potions of heal wounds
 f - 2 potions of haste
 g - 4 potions of magic
 h - 4 potions of berserk rage
 r - 2 potions of resistance
Comestibles
 c - 9 rations


   Skills:
 + Level 10.1 Fighting
 + Level 8.5 Axes
 + Level 9.8 Armour
 + Level 7.5 Dodging


You had 7 spell levels left.
You didn't know any spells.
Your spell library was empty.

Dungeon Overview and Level Annotations

Branches:
Dungeon (1/1)

Altars:


Innate Abilities, Weirdness & Mutations

You are resistant to torment.
Your stone body is resilient. (AC +5)
You are immune to poison.
You resist negative energy. (rN+)
You are resistant to electric shocks. (rElec)
You can survive without breathing.
You are immune to petrification.
You are immune to rotting.


Message History

The efreet burns you.
* * * LOW HITPOINT WARNING * * *
You hit the efreet.
The efreet is moderately wounded.
You hit the efreet.
The efreet is heavily wounded.
The efreet hits you with a +2 scimitar of flaming!
* * * LOW HITPOINT WARNING * * *
The efreet burns you.
* * * LOW HITPOINT WARNING * * *
You slash the efreet!
The efreet is severely wounded.
Your plate armour prevents you from hitting the efreet.
The efreet is severely wounded.
The efreet misses you.
Your plate armour prevents you from hitting the efreet.
The efreet is severely wounded.
The efreet gestures at you.
The fireball explodes!
The fireball engulfs you!!
You die...

##########++######
###+##................#
))'.##......#..#......#
###.##................+
.....'................+
'#####......#..#......#
.#..##................#
.#).#####'#####''######
.#))##.......##'@#
##))##.......##..R...+
.#[.##.......##......+
.#'###...<...##.....##
....##.......##...###
....##.......##..##
######.......##++# .#..
#########
.#.###########


You could see an efreet.

Vanquished Creatures
  A manticore (D)
  An orc warrior (D)
  A sky beast (D)
  A phantom (D)
  A big kobold (D)
  A scorpion (D)
  A hound (D)
  An orc priest (D)
  An orc wizard (D)
  3 worker ants (D)
  A mummy (D)
  2 white imps (D)
  An ufetubus (D)
  An ooze (D)
  A bat zombie (D)
  2 giant cockroaches (D)
  2 goblins (D)
  A hobgoblin (D)
  2 jackals (D)
  A ball python (D)
  2 rats (D)
28 creatures vanquished.

Notes
Turn   | Place    | Note
-------+----------+-------------------------------------------
     0 | D        | Fang the Gargoyle Berserker began the quest for the Orb.
     0 | D        | Reached XP level 1. HP: 14/14 MP: 1/1
    11 | D        | Noticed a worker ant
    17 | D        | Killed a worker ant
    17 | D        | Reached skill level 4 in Fighting
    17 | D        | Reached XP level 2. HP: 20/20 MP: 2/2
    95 | D        | Reached XP level 3. HP: 23/25 MP: 3/3
   102 | D        | Reached ** piety under Trog
   102 | D        | Reached skill level 5 in Fighting
   175 | D        | Reached *** piety under Trog
   186 | D        | Reached XP level 4. HP: 7/31 MP: 4/4
   494 | D        | Noticed a phantom
   499 | D        | Reached **** piety under Trog
   524 | D        | Noticed a sky beast
   525 | D        | Killed a phantom
   525 | D        | Reached skill level 6 in Fighting
   525 | D        | Reached skill level 5 in Axes
   525 | D        | Reached XP level 5. HP: 22/37 MP: 5/5
   534 | D        | Killed a sky beast
   534 | D        | Reached skill level 7 in Fighting
   534 | D        | Reached skill level 5 in Dodging
   534 | D        | Reached XP level 6. HP: 24/44 MP: 6/6
   779 | D        | Reached ***** piety under Trog
   814 | D        | Reached skill level 8 in Fighting
   833 | D        | Noticed a manticore
   839 | D        | Killed a manticore
   839 | D        | Reached skill level 9 in Fighting
   839 | D        | Reached XP level 7. HP: 38/51 MP: 7/7
  1091 | D        | Received a gift from Trog
  1104 | D        | Reached XP level 8. HP: 46/57 MP: 2/8
  1106 | D        | Reached skill level 10 in Fighting
  1339 | D        | Noticed an efreet
  1350 | D        | Killed from afar by an efreet

Skill      XL: |  1  2  3  4  5  6  7  8 |
---------------+-------------------------+-----
Fighting       | 4 5 6 7 9 10 | 10.1
Axes           | 3 4 5 6 8 |  8.5
Armour         | 3 4 6 7 9 |  9.8
Dodging        | 2 3 4 5 7 |  7.5

Action                   |  1- 3 |  4- 6 |  7- 9 || total
-------------------------+-------+-------+-------++-------
Melee: Hand axe          |    37 |    66 |    14 ||   117
       Battleaxe         |       |       |     7 ||     7
       War axe           |       |       |     8 ||     8
Invok: Berserk           |     2 |     2 |     2 ||     6
  Eat: Chunk             |       |     3 |     3 ||     6
Armor: Animal skin       |    18 |       |       ||    18
       Ring mail         |       |    27 |    10 ||    37
       Plate armour      |       |       |     2 ||     2
Dodge: Dodged            |    34 |    35 |    18 ||    87
